 Dungeon Crawl Stone Soup version 0.31-a0-986-g5e6e4ef867 (webtiles) character file.

Game seed: 12217255718611983352

38 Dittersdorf the Trooper (level 3, -2/29 HPs)
             Began as a Human Fighter on Nov 7, 2023.
             Killed by nerve-wracking pain
             ... invoked by Grinder
              (5 damage)
             ... on level 4 of the Dungeon.
             The game lasted 00:00:57 (774 turns).

Dittersdorf the Trooper (Human Fighter)              Turns: 774, Time: 00:00:57

Health: -2/29      AC:  8    Str: 18    XL:     3   Next: 65%
Magic:  3/3        EV:  9    Int:  8    God:
Gold:   21         SH:  4    Dex: 12    Spells: 2/2 levels left

rFire   . . .        a - +0 long sword
rCold   . . .        c - +0 buckler
rNeg    . . .        b - +0 scale mail
rPois   .            (no helmet)
rElec   .            (no cloak)
rCorr   .            i - +0 pair of gloves
SInv    .            (no boots)
Will    .....        (no amulet) Stlth
                     (no ring)
HPRegen 0.24/turn    (no ring)
MPRegen 0.08/turn

%: no passive effects
@: no status effects
A: no striking features
a: no special abilities


You were on level 4 of the Dungeon.
You visited 1 branch of the dungeon, and saw 3 of its levels.

You collected 21 gold pieces.

Inventory:

Hand Weapons
 a - a +0 long sword (weapon)
Armour
 b - a +0 scale mail (worn)
 c - a +0 buckler (worn)
 i - a +0 pair of gloves (worn)
Scrolls
 f - 3 scrolls of enchant armour {unknown}
 k - a scroll of revelation {unknown}
Potions
 d - a potion of might
 e - a potion of enlightenment {unknown}
 g - a potion of curing {unknown}
 h - a potion of heal wounds {unknown}
 j - a potion of ambrosia {unknown}
 l - a potion of mutation {unknown}


   Skills:
 + Level 3.4 Fighting
 + Level 2.5 Long Blades
 + Level 3.3 Armour
 + Level 3.3 Shields


You had 2 spell levels left.
You didn't know any spells.
Your spell library was empty.

Dungeon Overview and Level Annotations

Branches:
Dungeon (2/15)

Altars:
Dithmenos

Annotations:
D:4 Grinder


Message History

You barely miss the ogre. The ogre barely misses you.
You hit the ogre but do no damage. The ogre barely misses you.
You hit the ogre.
The ogre is lightly wounded.
You hit the ogre.
The ogre is lightly wounded.
The ogre barely misses you.
You barely miss the ogre.
The ogre is lightly wounded.
You block the ogre's attack.
You hit the ogre.
The ogre is moderately wounded.
The ogre barely misses you.
You hit the ogre but do no damage.
The ogre is moderately wounded.
The ogre barely misses you.
You slash the ogre!
The ogre is severely wounded.
You block the ogre's attack.
You slash the ogre!
The ogre is almost dead.
The ogre hits you with a +0 giant spiked club!!
Ouch! That really hurt!
* * * LOW HITPOINT WARNING * * *
You barely miss the ogre.
The ogre is almost dead.
The ogre barely misses you.
You barely miss the ogre.
The ogre is almost dead.
You hit Grinder.
Grinder is heavily wounded.
You barely miss Grinder.
Grinder is heavily wounded.
You block Grinder's attack.
You hit Grinder.
Grinder is heavily wounded.
Grinder gestures at you. Pain shoots through your body!
You die...
Grinder says, "Now the real fun starts!"

#####.###
.......>#
#†# #.# #.#
#.# #.#
#.#########
#O##@.....#
#.##5###.##
#.##O# #.#
#.##.# #.#
#.†..# #.#
##
#.######.#
..
#........#
###.
#..#######
... #..#


You could see Grinder and an ogre.

Vanquished Creatures
  An adder (D:4)
  2 orcs (D:4)
  3 bats (D:1)
  An endoplasm (D:1)
  A giant cockroach (D:1)
  3 goblins (D:1)
  2 hobgoblins (D:1)
  4 jackals (D:4)
  A quokka (D:1)
  2 ball pythons
  A frilled lizard (D:2)
  2 kobolds
  2 rats (D:1)
25 creatures vanquished.

Notes
Turn   | Place    | Note
-------+----------+-------------------------------------------
     0 | D:1      | Dittersdorf the Human Fighter began the quest for the Orb.
     0 | D:1      | Reached XP level 1. HP: 18/18 MP: 1/1
   106 | D:1      | Found a faded altar of an unknown god.
   121 | D:1      | Reached XP level 2. HP: 21/24 MP: 2/2
   636 | D:2      | You fall into a shaft and drop 2 floors!
   636 | D:4      | Found a shadowy altar of Dithmenos.
   661 | D:4      | Reached XP level 3. HP: 29/29 MP: 3/3
   734 | D:4      | Noticed Grinder
   740 | D:4      | Noticed an ogre
   769 | D:4      | HP: 1/29 [ogre/+0 giant spiked club (19)]
   774 | D:4      | Killed from afar by Grinder

Illustrated notes

Levels and vault maps discovered:
D:1:      scummos_arrival_star, layout_rooms,
          chequers_ecumenical_altar_simple_redux
D:2:      layout_basic, serial_shops, shop
D:4:      layout_basic, mainiacjoe_overflow_catwalk,
          minmay_temple_entry_butterflies, nrook_mini_backslash, minivault_14,
          uniq_duvessa, uniq_grinder

Action                     || total
---------------------------++-------
  Melee: Long sword        ||    99
 Armour: Scale mail        ||    77
  Dodge: Dodged            ||    49
  Block: Buckler           ||    21

Table legend: (Time is in decaauts)
 A = Elapsed time spent in this place.
 B = Non-inter-level travel time spent in this place.
 C = Inter-level travel time spent in this place.
 D = Time resting spent in this place.
 E = Time spent auto-exploring this place.
 F = Levels seen in this place.
 G = Mean time per level.
                   A        B        C        D        E       F      G
               +--------+--------+--------+--------+--------+-----+--------+
         Total |    806 |    796 |     10 |     15 |    549 |   3 |  268.7 |
       Dungeon |    806 |    796 |     10 |     15 |    549 |   3 |  268.7 |
               +--------+--------+--------+--------+--------+-----+--------+

Top non-repeatable levels by time:
     D:1: 510 daAuts
     D:4: 150 daAuts
     D:2: 144 daAuts
